 Dungeon Crawl Stone Soup version 0.20.1-1-g8b1a95d (webtiles) character file.

557 Targos the Firebug (level 7, 0/72 HPs)
             Began as a Human Fire Elementalist on Aug 19, 2017.
             Was a Follower of Elyvilon.
             Succumbed to Setanta's ghost's poison
             ... while paralysed by Setanta's ghost
             ... on level 4 of the Dungeon.
             The game lasted 00:58:53 (4522 turns).

Targos the Firebug (Human Fire Elementalist)        Turns: 4522, Time: 00:58:53

Health: 0/72       AC:  5    Str: 13    XL:     7   Next: 56%
Magic:  3/12       EV:  2    Int: 15    God:    Elyvilon [*.....]
Gold:   163        SH:  0    Dex: 22    Spells: 3/12 levels left

rFire    + + .     SeeInvis .   a - +0 halberd
rCold    . . .     Gourm    .   (shield currently unavailable)
rNeg     . . .     Faith    .   p - +2 robe {rF+}
rPois    +         Spirit   .   y - +0 helmet of the Hills {rF+ Dex+4} (curse)
rElec    .         Reflect  .   (no cloak)
rCorr    .         Harm     .   (no gloves)
MR       .....                  (no boots)
Stlth    ..........             A - amulet of rage
Regen    0.3/turn               g - ring of poison resistance
MPRegen  0.2/turn               i - +2 ring of dexterity

@: paralysed, berserking (expiring), lethally poisoned (0 -> -8), very slightly
contaminated, slowed, drained, invisible
A: no striking features
a: Lesser Healing, Divine Protection, Renounce Religion, Evoke Berserk Rage


You were on level 4 of the Dungeon.
You worshipped Elyvilon.
Elyvilon was aware of your devotion.
You were not hungry.

You visited 1 branch of the dungeon, and saw 4 of its levels.
You also visited: Sewer.

You collected 163 gold pieces.

Inventory:

Hand Weapons
 a - a +0 halberd (weapon)
 b - a +0 hunting sling
 f - a +1 spear of venom
 t - a +0 trident
Missiles
 h - 41 sling bullets
 n - 128 stones (quivered)
Armour
 d - a +0 ring mail
 p - a +2 robe of fire resistance (worn)
 v - a +1 animal skin
 y - the cursed +0 helmet of the Hills (worn) {rF+ Dex+4}
   (You found it on level 4 of the Dungeon)

   It affects your dexterity (+4).
   It protects you from fire.
   It has a curse placed upon it.
Jewellery
 g - a ring of poison resistance (left hand)
 i - a +2 ring of dexterity (right hand)
 q - an uncursed ring of wizardry
 w - an uncursed ring of positive energy
 A - an amulet of rage (around neck)
Scrolls
 k - 3 scrolls of remove curse
 l - 2 scrolls of fog
 m - a scroll of amnesia
 r - 4 scrolls of enchant armour
Potions
 e - 2 potions of haste {unknown}
 j - 3 potions of curing
 s - a potion of might {unknown}
 u - 3 potions of brilliance
 x - 2 potions of heal wounds {unknown}
 z - 2 potions of flight {unknown}
Books
 o - a book of Flames

   Spells                             Type                      Level
   a - Flame Tongue                   Conjuration/Fire             1
   b - Throw Flame                    Conjuration/Fire             2
   c - Conjure Flame                  Conjuration/Fire             3
   d - Inner Flame                    Hexes/Fire                   3
   e - Sticky Flame                   Conjuration/Fire             4
   f - Fireball                       Conjuration/Fire             5
Comestibles
 c - 6 bread rations


   Skills:
 + Level 1.1(0.5) Fighting
 + Level 2.2(1.7) Polearms
 + Level 1.8(1.2) Slings
 + Level 2.1(1.6) Armour
 + Level 2.7(2.2) Dodging
 + Level 2.9(2.4) Stealth
 + Level 3.4(2.9) Spellcasting
 + Level 2.4(1.9) Conjurations
 + Level 4.5(3.9) Fire Magic
 + Level 0.4(0.0) Evocations


You had 3 spell levels left.
You knew the following spells:

 Your Spells              Type           Power        Failure   Level  Hunger
a - Flame Tongue          Conj/Fire      ##...        6%          1    #......
b - Throw Flame           Conj/Fire      ##....       9%          2    ##.....
c - Conjure Flame         Conj/Fire      ##......     19%         3    ###....
d - Inner Flame           Hex/Fire       #.......     26%         3    ###....


Dungeon Overview and Level Annotations

Branches:
Dungeon (4/15)             Temple (0/1) D:4

Altars:
Dithmenos

Shops:
D:4 =

Annotations:
D:4 Setanta's ghost, amateur HOCK


Message History

You closely miss Setanta's ghost.
Setanta's ghost is severely damaged.
Setanta's ghost hits you. Setanta's ghost hits you!
You suddenly lose the ability to move!
Setanta's ghost hits you!
You are poisoned.
You feel sick. Setanta's ghost hits you.
You feel sick. Setanta's ghost hits you!
* * * LOW HITPOINT WARNING * * *
Setanta's ghost freezes you.
* * * LOW HITPOINT WARNING * * *
* * * LOW HITPOINT WARNING * * *
You feel sick. Setanta's ghost hits you!
* * * LOW HITPOINT WARNING * * *
* * * LOW HITPOINT WARNING * * *
You feel sick. Setanta's ghost hits you! Elyvilon protects you from harm!
You fade into invisibility!
You are very lightly contaminated with residual magic.
You die...

######.###........##.#.#
#....[..##........##.#.#
#.......[.........##.#.#
#.......##.>.W....##.#.#
###........#......##.#.#
#.......W#......##.#.#
#........#...........##
########.#########....#
#..W@..# ####.# ######.#
#.# #.#######.#
#.........# ###########


You could see Setanta's ghost.

Vanquished Creatures
  The ghost of Setanta the Cudgeler, an amateur GrCK of Xom (D:3)
  A big kobold (Sewer)
  A hound (D:4)
  A jelly (D:4)
  Natasha (thrice) (D:2)
  A worker ant (D:4)
  Robin (D:2)
  6 adders
  2 gnolls (D:2)
  2 river rats (Sewer)
  4 oozes
  An adder skeleton (D:4)
  A worm (D:4)
  5 dart slugs
  3 leopard geckos
  11 orcs
  2 giant cockroaches (D:2)
  19 goblins
  8 hobgoblins
  9 jackals
  13 kobolds
  A ball python (D:2)
  7 bats (D:2)
  3 frilled lizards
  6 rats
112 creatures vanquished.

Notes
Turn   | Place    | Note
-------+----------+-------------------------------------------
     0 | D:1      | Targos the Human Fire Elementalist began the quest for the Orb.
     0 | D:1      | Reached XP level 1. HP: 13/13 MP: 3/3
     0 | D:1      | Polearm
     0 | D:1      | Shields
     0 | D:1      | Slings
     0 | D:1      | Fire Magic
     0 | D:1      | Conjurations
   681 | D:1      | Reached XP level 2. HP: 19/19 MP: 0/5
   689 | D:1      | Learned a level 2 spell: Throw Flame
  1155 | D:1      | Reached XP level 3. HP: 21/24 MP: 2/6
  1160 | D:1      | Learned a level 3 spell: Conjure Flame
  1326 | D:2      | Reached XP level 4. HP: 17/30 MP: 0/7
  1421 | D:2      | Noticed Robin
  1455 | D:2      | Reached skill level 1 in Armour
  1791 | D:2      | Noticed Natasha
  1804 | D:2      | Killed Natasha
  1831 | D:2      | Reached skill level 1 in Slings
  1885 | D:2      | Found a shadowy altar of Dithmenos.
  1926 | D:2      | Noticed Natasha
  1939 | D:2      | Reached XP level 5. HP: 29/36 MP: 0/8
  1969 | D:2      | Killed Natasha
  1969 | D:2      | Reached skill level 1 in Polearms
  1969 | D:2      | Reached skill level 4 in Fire Magic
  2109 | D:2      | Noticed Natasha
  2112 | D:2      | Killed Natasha
  2182 | D:2      | Learned a level 3 spell: Inner Flame
  2254 | D:2      | Killed Robin
  2356 | D:2      | Reached XP level 6. HP: 36/42 MP: 0/9
  2557 | D:3      | Noticed Setanta's ghost (amateur GrCK)
  2589 | D:3      | Killed Setanta's ghost
  3032 | D:3      | Found a glowing drain.
  3041 | Sewer    | Entered a sewer
  3128 | Sewer    | Reached skill level 1 in Fighting
  3128 | Sewer    | Reached XP level 7. HP: 48/48 MP: 0/11
  3190 | Sewer    | Found a white marble altar of Elyvilon.
  3201 | Sewer    | Became a worshipper of Elyvilon the Healer
  3872 | D:4      | Got a translucent helmet
  3883 | D:4      | Identified the cursed +0 helmet of the Hills {rF+ Dex+4} (You found it on level 4 of the Dungeon)
  3900 | D:4      | Found Folizuch's Jewellery Boutique.
  3903 | D:4      | Reached * piety under Elyvilon
  3981 | D:4      | Noticed Setanta's ghost (amateur HOCK)
  4331 | D:4      | Found a staircase to the Ecumenical Temple.
  4516 | D:4      | Paralysed by Setanta's ghost for 7 turns
  4520 | D:4      | HP: 2/72 [Setanta's ghost (9)]
  4521 | D:4      | Elyvilon protects you from harm!
  4522 | D:4      | Succumbed to Setanta's ghost's poison

Skill      XL: |  1  2  3  4  5  6  7 |
---------------+----------------------+-----
Armour         | 1 2 |  2.1
Slings         | 1 |  1.8
Polearms       | 1 2 |  2.2
Fire Magic     | 4 |  4.5
Conjurations   | 2 |  2.4
Fighting       | 1 |  1.1
Spellcasting   | 3 |  3.4
Dodging        | |  2.7
Stealth        | |  2.9
Evocations     | |  0.4

Action                   |  1- 3 |  4- 6 |  7- 9 || total
-------------------------+-------+-------+-------++-------
Melee: Unarmed           |    20 |       |       ||    20
       Spear             |    51 |    43 |       ||    94
       Short sword       |     5 |       |       ||     5
       Halberd           |    14 |    51 |    38 ||   103
 Fire: Hunting sling     |     8 |    43 |    12 ||    63
Throw: Stone             |     1 |       |       ||     1
 Cast: Flame Tongue      |    20 |    51 |    20 ||    91
       Throw Flame       |     9 |    29 |    28 ||    66
       Conjure Flame     |       |     2 |     6 ||     8
       Inner Flame       |       |       |     1 ||     1
 Abil: Evoke Berserk Rag |       |       |     1 ||     1
Evoke: Wand              |       |     3 |       ||     3
  Use: Scroll            |       |     7 |     4 ||    11
       Potion            |       |     3 |     1 ||     4
 Stab: Invisible         |       |     2 |       ||     2
       Sleeping          |       |     4 |     3 ||     7
       Distracted        |       |       |     1 ||     1
  Eat: Royal jelly       |     2 |       |     1 ||     3
       Meat ration       |       |     2 |       ||     2
       Chunk             |       |       |     4 ||     4
Armor: Ring mail         |    31 |    49 |       ||    80
       Robe              |     2 |       |    16 ||    18
Dodge: Dodged            |    56 |    78 |    36 ||   170
